 Dungeon Crawl Stone Soup version 0.31-a0-355-g57cb03d3e8 (webtiles) character file.

Game seed: 3789043443396420709

91 Dordric the Changeling (level 4, -2/25 HPs)
             Began as a Tengu Shapeshifter on July 24, 2023.
             Slain by an orc
             ... wielding a +0 short sword
              (5 damage)
             ... on level 3 of the Dungeon.
             The game lasted 00:02:05 (1961 turns).

Dordric the Changeling (Tengu Shapeshifter)         Turns: 1961, Time: 00:02:06

Health: -2/25      AC:  5    Str: 16    XL:     4   Next: 57%
Magic:  5/5        EV: 11    Int:  8    God:
Gold:   161        SH:  0    Dex: 16    Spells: 3/3 levels left

rFire   . .          .
                       - Unarmed
rCold   . . .        (no shield)
rNeg    . . .        g - +0 ring mail
rPois   .            (helmet currently unavailable)
rElec   .            (cloak currently unavailable)
rCorr   .            (gloves currently unavailable)
SInv    .            (boots unavailable)
Will    .....        (no amulet) Stlth
                     (no ring)
HPRegen 0.24/turn    (no ring)
MPRegen 0.09/turn

%: no passive effects
@: confused, beast-form
A: beast (slay +2), beak, talons 3
a: Begin Untransformation


You were on level 3 of the Dungeon.
You were a hulking beast.
You visited 1 branch of the dungeon, and saw 3 of its levels.

You collected 161 gold pieces.

Inventory:

Armour
 a - a +0 animal skin
 g - a +0 ring mail (worn)
Talismans
 c - a beast talisman
Scrolls
 e - 2 scrolls of revelation {unknown}
 f - a scroll of silence {unknown}
 j - a scroll of vulnerability {unknown}
 l - a scroll of enchant weapon {unknown}
 o - a scroll of enchant armour {unknown}
Potions
 b - a potion of lignification
 d - 2 potions of heal wounds {unknown}
 h - 2 potions of attraction {unknown}
 i - 3 potions of curing {unknown}
 k - a potion of might {unknown}
 m - a potion of degeneration {unknown}
 n - a potion of magic {unknown}


   Skills:
 - Level 1.0 Fighting
 + Level 3.0 Ranged Weapons
 - Level 2.1 Dodging
 - Level 3.2 Unarmed Combat
 + Level 3.5 Shapeshifting


You had 3 spell levels left.
You didn't know any spells.
Your spell library contained the following spells:

 Spells                   Type           Power      Damage    Failure   Level
 Portal Projectile        Hex/Tloc       0%         N/A       94%         3
 Tukima's Dance           Hex            0%         N/A       94%         3
 Iskenderun's Mystic Bla  Conj/Tloc      0%         2d3       100%        4


Dungeon Overview and Level Annotations

Branches:
Dungeon (3/15)

Altars:
Xom


Innate Abilities, Weirdness & Mutations

You are a hulking beast.
Your limbs bulge with bestial killing power. (Slay +2)
You have a beak for a mouth.
You have claws for feet.


Message History

Something hits you but does no damage. The orc hits you with a +0 club.
You closely miss the orc wizard.
You claw the orc wizard, but do no damage.
Your peck misses the orc wizard.
The orc wizard is severely wounded.
Something hits you.
The orc wizard mumbles some strange words.
The orc wizard flickers and vanishes!
The orc closely misses you. Something hits you but does no damage.
Something hits you.
You hear some strange, mumbled words.
Something hits you.
You hit something. Your kick misses something. Something hits you.
A puff of flame appears from out of thin air!
The puff of flame hits you!
* * * LOW HITPOINT WARNING * * *
You hit something but do no damage. Your peck misses something.
Your punch misses something. Something hits you but does no damage.
You hit something. Your kick misses something. Your peck misses something.
A ball python comes into view.
Something hits you but does no damage.
The ball python hisses angrily.
You hit something. Your peck misses something. Something hits you.
* * * LOW HITPOINT WARNING * * *
You barely miss something. Your kick misses something.
Your peck misses something. Something hits you.
* * * LOW HITPOINT WARNING * * *
You closely miss something. Your kick misses something. You hit something.
Reactivating autopickup.
You feel a bit more experienced.
Your Ranged Weapons skill increases to level 3!
You hit the orc. You claw the orc.
You kill the orc!
You hear some strange, mumbled words.
Deactivating autopickup; reactivate with Ctrl-A.
You are confused.
You miss the ball python. Your kick misses the ball python.
The orc hits you with a +0 short sword.
You die...

..##.## #####.##.#
###..# #.##.## #.##
#.##..### #.#
#......<# ##.#
##.......# #..#
#........# #..#
###........# ##.#
#....oS....#
#.#######..#.#h#####
#.##.......#.#)#
#.##.###.###..{#
#.....##.####..#
###........###.##
#.####.#.# #..# #.#
#.#.# #..)..#
####..# #.# .
#.....# .....## #.#
#.<.....#


You could see an orc and a ball python.

Vanquished Creatures
  An orc wizard (D:3)
  A dart slug (D:2)
  6 orcs (D:3)
  4 endoplasms
  3 giant cockroaches
  7 goblins
  4 hobgoblins
  5 jackals
  2 quokkas
  3 ball pythons
  4 bats
  5 frilled lizards
  3 kobolds
  5 rats
53 creatures vanquished.

Notes
Turn   | Place    | Note
-------+----------+-------------------------------------------
     0 | D:1      | Dordric the Tengu Shapeshifter began the quest for the Orb.
     0 | D:1      | Reached XP level 1. HP: 12/12 MP: 2/2
   229 | D:1      | Found a faded altar of an unknown god.
   308 | D:1      | Reached skill level 1 in Ranged Weapons
   341 | D:1      | Reached XP level 2. HP: 16/16 MP: 3/3
  1156 | D:2      | Reached XP level 3. HP: 20/20 MP: 4/4
  1536 | D:2      | Found a shimmering altar of Xom.
  1813 | D:3      | Reached XP level 4. HP: 24/25 MP: 5/5
  1961 | D:3      | Slain by an orc

Illustrated notes

Levels and vault maps discovered:
D:1:      dpeg_cavernosity, layout_loops_corners, ebering_ecumenical_altar_rust,
          minmay_misc_feat_ornament, grunt_decor_fettered
D:2:      layout_basic, basic_altar
D:3:      layout_rooms, hex_medium, nicolae_titane

Skill      XL: |  1  2  3  4 |
---------------+-------------+-----
Ranged Weapons | 1 2 3 |  3.0
Shapeshifting  | 3 |  3.5
Fighting       | |  1.0
Dodging        | |  2.1
Unarmed Combat | |  3.2

Action                     |  1- 3 |  4- 6 || total
---------------------------+-------+-------++-------
  Melee: Unarmed           |    68 |    21 ||    89
         Kick              |    16 |     7 ||    23
         Peck              |     6 |     2 ||     8
         Punch             |     1 |       ||     1
   Stab: Sleeping          |     1 |       ||     1
 Armour: Ring mail         |    11 |     5 ||    16
         Animal skin       |     2 |       ||     2
  Dodge: Dodged            |    41 |     8 ||    49

Table legend: (Time is in decaauts)
 A = Elapsed time spent in this place.
 B = Non-inter-level travel time spent in this place.
 C = Inter-level travel time spent in this place.
 D = Time resting spent in this place.
 E = Time spent auto-exploring this place.
 F = Levels seen in this place.
 G = Mean time per level.
                   A        B        C        D        E       F      G
               +--------+--------+--------+--------+--------+-----+--------+
         Total |   1955 |   1909 |     46 |      0 |   1636 |   3 |  651.7 |
       Dungeon |   1955 |   1909 |     46 |      0 |   1636 |   3 |  651.7 |
               +--------+--------+--------+--------+--------+-----+--------+

Top non-repeatable levels by time:
     D:1: 966 daAuts
     D:2: 679 daAuts
     D:3: 309 daAuts
